 Dungeon Crawl Stone Soup version 0.30-a0-223-gcb0039aa0c (webtiles) character file.

Game seed: 2157676998923912808

275 qw the Chopper (level 6, -3/38 HPs)
             Began as a Gargoyle Fighter on Oct 9, 2022.
             Slain by an ogre
             ... wielding a +0 giant club
              (19 damage)
             ... on level 4 of the Dungeon.
             The game lasted 00:01:14 (3257 turns).

qw the Chopper (Gargoyle Fighter)                   Turns: 3257, Time: 00:01:14

Health: -3/38      AC: 12    Str: 22    XL:     6   Next: 25%
Magic:  6/6        EV:  9    Int:  8    God:
Gold:   158        SH:  4    Dex:  9    Spells: 5/5 levels left

rFire   . . .      SeeInvis .    Y - +1 war axe
rCold   . . .      Faith    .    c - +0 buckler
rNeg    + + .      Spirit   .    b - +0 scale mail
rPois   inf        Reflect  .    j - +0 helmet
rElec   +          Harm     .    (no cloak)
rCorr   .          Rampage  .    (no gloves)
Will    .....                    (no boots)
Stlth   ..........               o - amulet of regeneration
HPRegen 1.06/turn                e - ring of positive energy
MPRegen 0.10/turn                (no ring)

@: no status effects
A: sickness immunity, AC +4, negative energy resistance 1, electricity
resistance, torment resistance 1, petrification resistance
a: no special abilities


You were on level 4 of the Dungeon.
You visited 1 branch of the dungeon, and saw 4 of its levels.

You collected 158 gold pieces.


Innate Abilities, Weirdness & Mutations

You are immune to sickness and miasma.
Your stone body is resilient. (AC +4)
You are immune to poison.
You resist negative energy. (rN+)
You are resistant to electric shocks. (rElec)
You are resistant to unholy torment.
You are immune to petrification.


   Skills:
 - Level 4.3 Fighting
 + Level 5.0 Axes
 - Level 3.2 Armour
 - Level 1.1 Dodging
 - Level 3.2 Shields


You had 5 spell levels left.
You didn't know any spells.
Your spell library was empty.

Inventory:

Hand Weapons
 s - a +0 flail
 Y - a +1 war axe (weapon)
Armour
 b - a +0 scale mail (worn)
 c - a +0 buckler (worn)
 i - a +0 chain mail
 j - a +0 helmet (worn)
Jewellery
 e - a ring of positive energy (left hand)
 o - an amulet of regeneration (around neck)
Scrolls
 p - a scroll of identify
Potions
 a - 4 potions of curing
 d - a potion of might
 f - a potion of degeneration {unknown}
 g - 3 potions of haste
 h - a potion of lignification
 k - a potion of heal wounds {unknown}
 l - a potion of berserk rage {unknown}
 m - a potion of cancellation {unknown}
 n - a potion of flight {unknown}
 q - a potion of ambrosia {unknown}
 r - a potion of attraction

Dungeon Overview and Level Annotations

Branches:
Dungeon (4/15)
 Temple: D:4-7

Altars:
Ru
Uskayaw
Yredelemnul

Shops:
D:1 ?

Annotations:
D:4 1 transporter, qw's ghost, amateur GrFi


Message History

The howler monkey hits you but does no damage. x2
You slash the howler monkey!
The howler monkey is almost dead.
The howler monkey hits you.
You slash the howler monkey!
You kill the howler monkey!
Your Dodging skill increases to level 1!
You hit the orc.
The orc is severely wounded.
The orc barely misses you. The kobold hits you but does no damage.
The orc closely misses you.
You slash the orc!
You kill the orc!
You barely miss the kobold. The kobold closely misses you.
You hit the kobold.
You kill the kobold!
You start resting.
An ogre comes into view. It is wielding a +0 giant club.
You hit the orc.
The orc is severely wounded.
The orc hits you but does no damage.
You hit the orc.
You kill the orc!
You barely miss the ogre. You block the ogre's attack.
You slash the ogre!
The ogre is heavily wounded.
The ogre hits you with a +0 giant club!
You hit the ogre but do no damage.
The ogre is heavily wounded.
The ogre misses you.
You hit the ogre but do no damage.
The ogre is heavily wounded.
The ogre closely misses you.
You barely miss the ogre.
The ogre is heavily wounded.
The ogre hits you with a +0 giant club!!
Ouch! That really hurt!
You die...

....##..#....##...#
#...##.#....###....
### .........##....
...#........... #
.#######........
o.#### ###......#..
...### #.#......#..
#)).###....##.....
##@..#.....###.....
#))O.)......# #....
#.##..####..# #....
#.. ##...##..#
..... #..
##.###...##.#.. ...
..........##. ##..
.$........... ###
..... .>..... .....
.....


You could see an ogre.

Vanquished Creatures
  A howler monkey (D:4)
  2 jellies (D:4)
  2 orc priests (D:4)
  3 adders
  3 worms (D:2)
  4 dart slugs
  8 orcs (D:4)
  5 endoplasms
  2 giant cockroaches
  5 goblins
  4 hobgoblins
  6 kobolds
  4 quokkas
  5 ball pythons
  6 bats
  2 frilled lizards (D:1)
  5 rats
67 creatures vanquished.

Vanquished Creatures (others)
  8 plants (D:2)
8 creatures vanquished.

Grand Total: 75 creatures vanquished

Notes
Turn   | Place    | Note
-------+----------+-------------------------------------------
     0 | D:1      | qw the Gargoyle Fighter began the quest for the Orb.
     0 | D:1      | Reached XP level 1. HP: 14/14 MP: 1/1
     0 | D:1      | 0 ||| qw: Version: 0.2-a-17-g06abaee
     0 | D:1      | 0 ||| qw: Game counter: 2143
     0 | D:1      | 0 ||| qw: Always use a shield: true
     0 | D:1      | 0 ||| qw: God list: Okawaru
     0 | D:1      | 0 ||| qw: Allow faded altars: false
     0 | D:1      | 0 ||| qw: Do Orc after D:15 true
     0 | D:1      | 0 ||| qw: Do second Lair branch before Depths: true
     0 | D:1      | 0 ||| qw: Lair rune preference: random
     0 | D:1      | 0 ||| qw: Plans: Normal, Zot:1-4, God:TSO, Crypt, Tomb,
                  | Pan, Slime:5, Hells, Abyss, Orb
     0 | D:1      | 0 ||| PLANNING D:1-11
    68 | D:1      | Found Guefabatz's Magic Scroll Boutique.
    71 | D:1      | 71 ||| SHOPLISTING 3 scrolls of teleportation (90 gold,
                  | have 8).
    71 | D:1      | 71 ||| SHOPLISTING scroll of identify (20 gold, have 8).
    86 | D:1      | 86 ||| Stepping ~*~*~tactically~*~*~ (hiding).
    93 | D:1      | Reached skill level 2 in Axes
   382 | D:1      | Reached XP level 2. HP: 19/19 MP: 2/2
   640 | D:1      | 640 ||| Stepping ~*~*~tactically~*~*~ (hiding).
   929 | D:1      | Reached skill level 3 in Axes
  1073 | D:1      | 1073 ||| UPGRADING to +0 helmet.
  1078 | D:1      | 1078 ||| UPGRADING to ring of positive energy.
  1079 | D:1      | 1079 ||| READING scroll labelled WAYBLA NUTTEI.
  1080 | D:1      | 1080 ||| READING scroll labelled KOLASI SUGUO.
  1081 | D:1      | 1081 ||| DRINKING 2 yellow potions.
  1082 | D:1      | 1082 ||| DROPPING potion of brilliance.
  1155 | D:2      | Reached XP level 3. HP: 23/23 MP: 3/3
  1198 | D:2      | 1198 ||| Stepping ~*~*~tactically~*~*~ (stealth).
  1227 | D:2      | HP: 3/23 [worm (6)]
  1243 | D:2      | 1243 ||| FLEEEEING.
  1245 | D:2      | 1245 ||| FLEEEEING.
  1368 | D:2      | 1368 ||| Stepping ~*~*~tactically~*~*~ (stealth).
  1773 | D:2      | Reached XP level 4. HP: 28/28 MP: 4/4
  2087 | D:2      | 2087 ||| UPGRADING to amulet of regeneration.
  2092 | D:2      | 2092 ||| READING scroll labelled MIKIKA JINALU.
  2095 | D:2      | 2095 ||| READING scroll labelled SUIPSACLOORU.
  2096 | D:2      | 2096 ||| READING scroll labelled FECIZO NEWN.
  2097 | D:2      | 2097 ||| DRINKING 2 purple potions.
  2098 | D:2      | 2098 ||| DRINKING 2 sedimented black potions.
  2176 | D:3      | Reached skill level 4 in Axes
  2310 | D:3      | Found a sacrificial altar of Ru.
  2685 | D:3      | 2685 ||| Stepping ~*~*~tactically~*~*~ (hiding).
  3019 | D:3      | 3019 ||| READING scroll labelled USIF MABLEA.
  3020 | D:3      | 3020 ||| READING scroll labelled XURESAASAS.
  3021 | D:3      | 3021 ||| READING 3 scrolls of identify.
  3021 | D:3      | 3021 ||| IDENTIFYING coppery potion
  3022 | D:3      | 3022 ||| READING 2 scrolls of identify.
  3022 | D:3      | 3022 ||| IDENTIFYING sedimented blue potion
  3055 | D:4      | Found a transporter.
  3060 | D:4      | Noticed qw's ghost (amateur GrFi)
  3076 | D:4      | Reached XP level 5. HP: 30/32 MP: 5/5
  3100 | D:4      | Reached skill level 5 in Axes
  3119 | D:4      | 3119 ||| DROPPING +0 mace.
  3135 | D:4      | Found a hide-covered altar of Uskayaw.
  3185 | D:4      | Found a basalt altar of Yredelemnul.
  3225 | D:4      | 3225 ||| Stepping ~*~*~tactically~*~*~ (stealth).
  3226 | D:4      | 3226 ||| Stepping ~*~*~tactically~*~*~ (hiding).
  3233 | D:4      | Reached XP level 6. HP: 14/38 MP: 6/6
  3245 | D:4      | Reached skill level 1 in Dodging
  3257 | D:4      | Slain by an ogre

Levels and vault maps discovered:
D:1:      lightli_arrival_boilingwater, layout_loops_corners, serial_shops,
          nicolae_shop_behind_doors
D:2:      layout_loops_ring, serial_bayou, serial_bayou_pond_b,
          serial_bayou_crossing, serial_bayou_ford_a, serial_bayou_shore_b,
          serial_bayou_shore_b, shapermc_ecumenical_altar_mp_urbaneastern
D:3:      layout_basic, nicolae_ru_awakened_eye
D:4:      layout_cave_pools, lemuel_crystal_altar, fedhas_altar_fruit_tree,
          kennysheep_mini_moat, minmay_temple_entry_fiery,
          gammafunk_ghost_stat_death

Skill      XL: |  1  2  3  4  5  6 |
---------------+-------------------+-----
Axes           | 2 3 4 5 |  5.0
Fighting       | 4 |  4.3
Dodging        | 1 |  1.1
Armour         | |  3.2
Shields        | |  3.2

Action                   |  1- 3 |  4- 6 || total
-------------------------+-------+-------++-------
Melee: War axe           |   133 |   101 ||   234
Throw: Boomerang         |     6 |       ||     6
  Use: Scroll            |     2 |     7 ||     9
       Potion            |     1 |     2 ||     3
Armor: Scale mail        |    57 |    42 ||    99
Dodge: Dodged            |    55 |    43 ||    98
Block: Buckler           |    31 |    25 ||    56

Table legend:
 A = Non-vault XP
 B = Vault XP
 C = Vault XP percentage of total XP
 D = Non-vault monster count
 E = Vault monster count
 F = Vault count percentage of total count
                 A         B        C        D         E       F
            +---------+---------+-------+---------+---------+-------
      Total |     366 |      28 |   7.1 |      61 |       6 |   9.0
            +---------+---------+-------+---------+---------+-------
        D:1 |      31 |       0 |   0.0 |      16 |       0 |   0.0
        D:2 |      32 |      28 |  46.7 |      11 |       6 |  35.3
        D:3 |      50 |       0 |   0.0 |      19 |       0 |   0.0
        D:4 |     253 |       0 |   0.0 |      15 |       0 |   0.0
            +---------+---------+-------+---------+---------+-------
